 Dungeon Crawl Stone Soup version 0.27-a0-29-g2d0a2396b0 (webtiles) character file.

Game seed: 6651487395517424268

11 gruber the Grasshopper (level 2, 0/26 HPs)
             Began as a Gnoll Warper on Jan 3, 2021.
             Slain by a gnoll
             ... wielding a +0 flail
              (6 damage)
             ... on level 2 of the Dungeon.
             The game lasted 00:00:44 (755 turns).

gruber the Grasshopper (Gnoll Warper)                Turns: 755, Time: 00:00:45

Health: 0/26       AC:  4    Str: 13    XL:     2   Next: 25%
Magic:  7/7        EV: 11    Int: 15    God:
Gold:   41         SH:  9    Dex: 14    Spells: 8/10 levels left

rFire    . . .     SeeInvis .   a - +0 falchion
rCold    . . .     Faith    .   j - +2 kite shield
rNeg     . . .     Spirit   .   b - +0 leather armour
rPois    .         Reflect  .   k - +0 helmet
rElec    .         Harm     .   (no cloak)
rCorr    .         Rampage  .   (no gloves)
Will     .....                  (no boots)
Stlth    +.........             (no amulet)
HPRegen  0.08/turn              (no ring)
MPRegen  0.10/turn              (no ring)

@: lethally poisoned (0 -> -7)
A: distributed training, fangs 1, strong nose
a: no special abilities


You were on level 2 of the Dungeon.
You visited 1 branch of the dungeon, and saw 2 of its levels.

You collected 41 gold pieces.

Inventory:

Hand Weapons
 a - a +0 falchion (weapon)
Missiles
 e - 5 boomerangs of dispersal (quivered)
Armour
 b - a +0 leather armour (worn)
 j - a +2 kite shield (worn)
 k - a +0 helmet (worn)
Scrolls
 c - a scroll of magic mapping {unknown}
 d - a scroll of blinking
 f - 2 scrolls of identify {unknown}
 i - 2 scrolls of amnesia {unknown}
 l - a scroll of fog {unknown}
Potions
 g - 2 potions of haste {unknown}
 h - a potion of brilliance {unknown}


   Skills:
 + Level 4.4 Fighting
 + Level 0.3 Short Blades
 + Level 4.4 Long Blades
 + Level 0.3 Axes
 + Level 0.3 Maces & Flails
 + Level 0.3 Polearms
 + Level 0.3 Staves
 + Level 0.3 Slings
 + Level 0.3 Bows
 + Level 0.3 Crossbows
 + Level 2.4 Throwing
 + Level 2.4 Armour
 + Level 4.4 Dodging
 + Level 0.3 Stealth
 + Level 0.3 Shields
 + Level 0.3 Unarmed Combat
 + Level 4.9 Spellcasting
 + Level 0.2 Conjurations
 + Level 0.2 Hexes
 + Level 0.2 Summonings
 + Level 0.2 Necromancy
 + Level 5.3 Translocations
 + Level 0.2 Transmutations
 + Level 0.2 Fire Magic
 + Level 0.2 Ice Magic
 + Level 0.2 Air Magic
 + Level 0.2 Earth Magic
 + Level 0.2 Poison Magic
 + Level 0.4 Invocations
 + Level 0.3 Evocations


You had 8 spell levels left.
You knew the following spells:

 Your Spells              Type           Power        Failure   Level
a - Blink                 Tloc           N/A          22%         2

Your spell library contained the following spells:

 Spells                   Type           Power        Failure   Level
 Gell's Gravitas          Tloc           9%           41%         3
 Lesser Beckoning         Tloc           9%           41%         3
 Teleport Other           Tloc           19%          41%         3
 Passage of Golubria      Tloc           N/A          83%         4


Dungeon Overview and Level Annotations

Branches:
Dungeon (2/15)

Altars:


Innate Abilities, Weirdness & Mutations

Your experience applies equally to all skills.
You have very sharp teeth.
Your uncanny sense of smell can sniff out nearby items.


Message History

You miss the adder. Your bite misses the adder.
The adder is heavily wounded.
The adder bites you but does no damage.
You closely miss the adder. Your bite misses the adder.
The adder is heavily wounded.
You block the adder's attack.
A gnoll comes into view. It is wielding a +0 flail.
The adder bites you.
You are lethally poisoned!
The adder poisons you!
Unknown command.
Unknown command.
Unknown command.
Sorry, you're not good enough to have a special ability.
* * * LOW HITPOINT WARNING * * *
You feel sick.
The gnoll shouts!
* * * LOW HITPOINT WARNING * * *
You feel sick. The gnoll hits you with a +0 flail.
You die...

..........#.<####
.#####.##.......#
#.####..##.# #
#.####..##.##.##
#..............#
########.#.###.#
#.#.## .# #.#..#
.# #.##@##.#
#.#.gS#.#
#..###..# ##.
#.## #. #.# .## #
∆


You could see a gnoll and an adder.

Vanquished Creatures
  A ball python (D:1)
  2 hobgoblins (D:1)
  A bat (D:1)
  3 goblins (D:1)
  2 kobolds (D:1)
  2 rats (D:1)
11 creatures vanquished.

Notes
Turn   | Place    | Note
-------+----------+-------------------------------------------
     0 | D:1      | gruber the Gnoll Warper began the quest for the Orb.
     0 | D:1      | Reached XP level 1. HP: 20/20 MP: 6/6
   325 | D:1      | Reached XP level 2. HP: 21/26 MP: 7/7
   328 | D:1      | Learned a level 2 spell: Blink
   755 | D:2      | Slain by a gnoll

Illustrated notes

Levels and vault maps discovered:
D:1:      onia_arrival_mini_spirals, layout_rooms, minmay_heptomino_l4
D:2:      layout_loops_cross, vehumet_crystals,
          gammafunk_temple_overflow_forgotten, nicolae_ru_sacrificial_ziggurat,
          okawaru_ov_weapons_minmay, uniq_jessica

Action                   || total
-------------------------++-------
Melee: Falchion          ||    46
       Bite              ||     5
Armor: Leather armour    ||     8
Dodge: Dodged            ||    23
Block: Kite shield       ||    20
       Rpst.: Falchion   ||     5

Table legend: (Time is in decaauts)
 A = Elapsed time spent in this place.
 B = Non-inter-level travel time spent in this place.
 C = Inter-level travel time spent in this place.
 D = Time resting spent in this place.
 E = Time spent auto-exploring this place.
 F = Levels seen in this place.
 G = Mean time per level.
                   A        B        C        D        E       F      G
               +--------+--------+--------+--------+--------+-----+--------+
         Total |    762 |    694 |     68 |      0 |    587 |   2 |  381.0 |
       Dungeon |    762 |    694 |     68 |      0 |    587 |   2 |  381.0 |
               +--------+--------+--------+--------+--------+-----+--------+

Top non-repeatable levels by time:
     D:1: 717 daAuts
     D:2: 44 daAuts
